 Dungeon Crawl Stone Soup version 0.16.0-17-g811c1d7 (webtiles) character file.

4704 ProjectEKO the Envoy of Void (level 10, -4/66 (70) HPs)
             Began as a Formicid Abyssal Knight on Mar 21, 2015.
             Was a High Priest of Lugonu.
             Slain by a yak (10 damage)
             ... on level 9 of the Dungeon.
             The game lasted 00:12:46 (7290 turns).

ProjectEKO the Envoy of Void (FoAK)                 Turns: 7290, Time: 00:12:47

HP:   -4/66 (70)    AC: 12    Str: 19    XL:     10   Next: 73%
MP:   27/27         EV:  9    Int: 15    God:    Lugonu [*****.]
Gold: 442           SH:  0    Dex: 10    Spells: 0 memorised, 9 levels left

rFire  . . .     SeeInvis +     a - +1 war axe
rCold  . . .     Clarity  +     D - +0 scale mail
rNeg   . . .     SustAb   .     (no shield)
rPois  .         Gourm    .     (helmet unavailable)
rElec  .         Spirit   .     x - +2 cloak
rCorr  .         Warding  .     k - +1 pair of gloves
rMut   .         Stasis   +     o - +0 pair of boots
MR     +....                    H - amulet of clarity
Stlth  ..........               m - ring of flight
                                (no ring)

@: somewhat resistant to hostile enchantments, extremely unstealthy
A: permanent stasis, dig shafts and tunnels, four strong arms, antennae 3,
strong 1
a: Dig, Shaft Self, Depart the Abyss, Bend Space, Banish, Corrupt, Enter the
Abyss, Renounce Religion, Evoke Flight


You were on level 9 of the Dungeon.
You worshipped Lugonu.
Lugonu was extremely pleased with you.
You were not hungry.

You visited 1 branch of the dungeon, and saw 9 of its levels.
You visited the Abyss 1 time.

You collected 442 gold pieces.


Innate Abilities, Weirdness & Mutations

You are under a permanent stasis effect.
You can dig through walls and to a lower floor.
Your four strong arms can wield two-handed weapons with a shield.
You have a pair of large antennae on your head (SInv).
Your muscles are strong. (Str +2)


   Skills:
 - Level 3.2 Fighting
 + Level 10.8 Axes
 - Level 2.1 Armour
 - Level 0.8 Dodging
 + Level 12.4 Invocations


You had 9 spell levels left.
You didn't know any spells.

Inventory:

Hand weapons
 a - a +1 war axe (weapon)
 b - a +0 blowgun
Missiles
 F - 15 poisoned needles
Armour
 k - a +1 pair of gloves (worn)
 o - a +0 pair of boots (worn)
 x - a +2 cloak (worn)
 D - a +0 scale mail (worn)
Jewellery
 m - a ring of flight (right hand)
 H - an amulet of clarity (around neck)
Magical devices
 h - a wand of paralysis (11)
Scrolls
 e - a scroll of immolation {!r}
 i - 2 scrolls of recharging
 t - 4 scrolls of magic mapping
 u - a scroll of fog
 y - 3 scrolls of amnesia
Potions
 d - a potion of heal wounds
 f - a potion of restore abilities
 l - a potion of agility
 n - 3 potions of brilliance
 q - 2 potions of flight
 s - a potion of invisibility
 z - a potion of might
 E - a potion of haste {unknown}
Books
 g - a Necronomicon {highlevel, unknown}

   This book is beyond your current level of understanding.

   Spells                             Type                      Level
   a - Haunt                          Necromancy/Summoning         7
   b - Borgnjor's Revivification      Necromancy                   8
   c - Death's Door                   Charms/Necromancy            8
   d - Necromutation                  Transmutation/Necromancy     8
 w - a book of Summonings

   Spells                             Type                      Level
   a - Abjuration                     Summoning                    3
   b - Recall                         Summoning/Translocation      3
   c - Shadow Creatures               Summoning                    5
   d - Summon Demon                   Summoning                    5
   e - Summon Forest                  Summoning/Translocation      5
   f - Monstrous Menagerie            Summoning                    6
Comestibles
 c - 8 bread rations
 v - 3 meat rations
 A - a slice of pizza
 C - 27 fruits

Dungeon Overview and Level Annotations

Branches:
Dungeon (9/15)             Temple (0/1) D:4
   Lair: D:8-11         Orc: D:9-12

Altars:
Dithmenos
Gozag
Okawaru
Qazlal
Sif Muna
Xom

# #.... #.... {
#...####### #...#.....# .
#...#.....# ...
#...#.###.#
#..#...#Y....###########
#..'..)a)...............
#..#..(#....#...#....##.
..#..#####....#...#....##.
.......)(.................
......#...###.############
... #.#.# #..# . ......
...# ## .....K.....# #.
....(YK.....# #.


You could see a yak.


Message History

The kobold hits you.
* * * LOW HITPOINT WARNING * * *
The yak gores you.
* * * LOW HITPOINT BUTT * * *
Unknown command.
You closely miss the yak. You hit the kobold!
You kill the kobold!
Lugonu accepts your kill.
You barely miss the kobold. The kobold hits you but does no damage.
The butt closely misses you.
You barely miss the yak. You slash the kobold!!
You kill the kobold!
Lugonu accepts your kill. The yak gores you but does no damage.
You slash the yak!
The yak is moderately wounded.
You hit the yak.
The yak is heavily wounded.
The yak barely misses you.
Your scale butt prevents you from butt the yak.
The yak is heavily wounded.
The yak gores you but does no damage.
You hit the yak!
The butt is severely wounded.
The yak gores you!
* * * LOW HITPOINT WARNING * * *
You hit the yak.
The yak is almost dead.
The yak gores you!
You die...

Action                   |  1- 3 |  4- 6 |  7- 9 | 10-12 || total
-------------------------+-------+-------+-------+-------++-------
Melee: Hand axe          |    57 |   128 |       |       ||   185
       War axe           |       |    41 |   282 |   149 ||   472
 Fire: Blowgun           |       |       |    20 |     4 ||    24
Evoke: Wand              |       |       |     1 |     1 ||     2
  Use: Scroll            |     5 |     5 |     5 |     6 ||    21
       Potion            |     1 |     3 |       |     6 ||    10
 Stab: Paralysed         |       |       |     2 |     3 ||     5
       Invisible         |       |       |       |     4 ||     4
  Eat: Chunk             |       |     7 |    10 |     4 ||    21

Vault maps used:
D:1:      erik_arrival_orb_chamber
D:2:      first_bread, hangedman_decor_growths, uniq_jessica
D:3:      old_standard_altar, uniq_crazy_yiuf_cottage
D:4:      minmay_temple_entry_hall
D:6:      minitemple, uniq_duvessa
D:7:      nicolae_dithmenos_through_a_glass_darkly
D:8:      blue_anna_alchemist, led_sif_pool
D:9:      serial_column_ruins, column_ruins_hut_ruined,
          column_ruins_open_medium, column_ruins_corridor_corner,
          column_ruins_grid_4, uniq_psyche

Notes
Turn   | Place    | Note
--------------------------------------------------------------
     0 | Abyss:1  | ProjectEKO, the Formicid Abyssal Knight, began the quest for the Orb.
     0 | Abyss:1  | Reached XP level 1. HP: 18/18 MP: 1/1
     9 | D:1      | Escaped the Abyss
   136 | D:1      | Reached XP level 2. HP: 22/24 MP: 3/3
   252 | D:1      | Acquired Lugonu's second power
   478 | D:1      | Reached skill level 3 in Invocations
   505 | D:1      | Reached XP level 3. HP: 29/29 MP: 6/6
   727 | D:2      | Noticed Jessica
   744 | D:2      | Killed Jessica
   744 | D:2      | Reached skill level 3 in Axes
   861 | D:2      | Reached XP level 4. HP: 35/35 MP: 8/8
  1066 | D:2      | Reached skill level 4 in Invocations
  1376 | D:3      | Reached XP level 5. HP: 39/41 MP: 11/11
  1396 | D:3      | Found a stormy altar of Qazlal.
  1810 | D:3      | Acquired Lugonu's third power
  2117 | D:3      | Noticed Crazy Yiuf
  2123 | D:3      | Killed Crazy Yiuf
  2123 | D:3      | Reached skill level 4 in Axes
  2313 | D:4      | Found a staircase to the Ecumenical Temple.
  2720 | D:4      | Reached XP level 6. HP: 40/47 MP: 13/13
  2738 | D:4      | Reached skill level 5 in Invocations
  2799 | D:4      | Reached skill level 5 in Axes
  3038 | D:5      | Entered Level 5 of the Dungeon
  3248 | D:5      | Reached skill level 6 in Invocations
  3248 | D:5      | Reached XP level 7. HP: 17/52 MP: 15/17
  3489 | D:5      | Acquired Lugonu's fourth power
  3816 | D:6      | Found an opulent altar of Gozag.
  3818 | D:6      | Found an iron altar of Okawaru.
  3821 | D:6      | Found a shimmering altar of Xom.
  3878 | D:6      | Reached skill level 6 in Axes
  3878 | D:6      | Reached skill level 7 in Invocations
  3936 | D:6      | Reached XP level 8. HP: 27/58 MP: 20/20
  4417 | D:6      | Noticed Duvessa
  4501 | D:6      | Reached skill level 8 in Invocations
  4690 | D:6      | Reached skill level 7 in Axes
  4730 | D:6      | Killed Duvessa
  4732 | D:6      | Noticed Dowan
  4738 | D:6      | Killed Dowan
  4827 | D:7      | Reached skill level 9 in Invocations
  4827 | D:7      | Reached XP level 9. HP: 61/64 MP: 21/23
  4873 | D:7      | Reached skill level 8 in Axes
  4970 | D:7      | Reached skill level 10 in Invocations
  4979 | D:7      | Acquired Lugonu's fifth power
  5179 | D:7      | Found a shadowy altar of Dithmenos.
  5468 | D:7      | Reached skill level 9 in Axes
  5919 | D:8      | Reached XP level 10. HP: 61/70 MP: 25/25
  5972 | D:8      | Reached skill level 11 in Invocations
  6111 | D:8      | Reached skill level 10 in Axes
  6165 | D:8      | Found a deep blue altar of Sif Muna.
  6258 | D:8      | Gained mutation: Your muscles are strong. (Str +2) [potion of beneficial mutation]
  6941 | D:8      | Reached skill level 12 in Invocations
  7012 | D:9      | Noticed Psyche
  7022 | D:9      | Killed Psyche
  7289 | D:9      | HP: 6/66 [yak (7)]
  7290 | D:9      | Slain by a yak

Vanquished Creatures
  Psyche (D:9)
  A troll (D:8)
  A wyvern (D:8)
  A hippogriff (D:8)
  7 yaks
  4 sky beasts
  2 ice beasts
  2 centaurs
  A black bear (D:7)
  A necrophage (D:8)
  2 ogres
  2 big kobolds
  Duvessa (D:6)
  6 giant frogs
  A wyvern zombie (D:8)
  3 killer bees (D:8)
  Dowan (D:6)
  A giant frog zombie (D:8)
  2 crimson imps
  A giant frog skeleton (D:4)
  Crazy Yiuf (D:3)
  4 orc priests
  2 jellies
  3 hounds
  4 worker ants
  An iguana (D:7)
  5 orc wizards
  A killer bee zombie (D:8)
  Jessica (D:2)
  8 adders
  An elf zombie (D:6)
  2 giant mites
  2 shadow imps (D:6)
  5 worms
  An adder skeleton (D:7)
  37 orcs
  2 ball pythons
  6 bats
  6 giant cockroaches
  7 goblins
  14 hobgoblins
  8 jackals
  21 kobolds
  4 quokkas
  6 giant geckos
  A giant gecko zombie (D:6)
  4 giant newts
  A kobold skeleton (D:6)
  3 orc zombies (D:6)
  2 quokka skeletons
  24 rats
228 creatures vanquished.
